 Dungeon Crawl Stone Soup version 0.21-a0 (webtiles) character file.

226 Lexie the Firebug (level 6, 0/36 HPs)
             Began as an Octopode Fire Elementalist on May 19, 2017.
             Slain by a worker ant (8 damage)
             ... on level 3 of the Dungeon.
             The game lasted 00:08:50 (4785 turns).

Lexie the Firebug (Octopode Fire Elementalist)      Turns: 4785, Time: 00:08:51

Health: 0/36       AC:  1    Str:  8    XL:     6   Next: 1%
Magic:  3/11       EV: 13    Int: 19    God:
Gold:   190        SH:  0    Dex: 12    Spells: 2/12 levels left

rFire    . . .     SeeInvis .   (no weapon)
rCold    . . .     Gourm    .   (no shield)
rNeg     . . .     Faith    .   (helmet restricted)
rPois    .         Spirit   .   (no amulet)
rElec    .         Reflect  .   (no ring)
rCorr    .         Harm     .   (no ring)
MR       .....                  (no ring)
Stlth    +++.......             (no ring)
Regen    0.2/turn               (no ring)
MPRegen  0.2/turn               (no ring)
                                (no ring)
                                (no ring)

@: lethally poisoned (0 -> -4)
A: almost no armour, stealthy swim, amphibious, 8 rings, constrict 8, camouflage
1, gelatinous body 1
a: no special abilities


You were on level 3 of the Dungeon.
You were not hungry.

You visited 1 branch of the dungeon, and saw 4 of its levels.

You collected 190 gold pieces.

Inventory:

Wands
 i - a wand of paralysis (16/24)
 s - a wand of disintegration (13/24)
Scrolls
 d - a scroll of fear {unknown}
 e - 2 scrolls of identify {unknown}
 f - 5 scrolls of remove curse {unknown}
 j - a scroll of fog {unknown}
 l - a scroll of teleportation {unknown}
 r - a scroll of amnesia {unknown}
Potions
 g - a potion of resistance {unknown}
 h - a potion of heal wounds {unknown}
 n - a potion of curing
 o - a potion of haste {unknown}
 q - a potion of might {unknown}
Books
 a - a book of Flames

   Spells                             Type                      Level
   a - Flame Tongue                   Conjuration/Fire             1
   b - Throw Flame                    Conjuration/Fire             2
   c - Conjure Flame                  Conjuration/Fire             3
   d - Inner Flame                    Hexes/Fire                   3
   e - Sticky Flame                   Conjuration/Fire             4
   f - Fireball                       Conjuration/Fire             5
 m - a book of Minor Magic

   Spells                             Type                      Level
   a - Magic Dart                     Conjuration                  1
   b - Blink                          Translocation                2
   c - Call Imp                       Summoning                    2
   d - Slow                           Hexes                        2
   e - Conjure Flame                  Conjuration/Fire             3
   f - Mephitic Cloud                 Conjuration/Poison/Air       3
Comestibles
 b - 2 bread rations
 c - a royal jelly
 k - a chunk of flesh
 p - a meat ration


   Skills:
 - Level 2.0 Dodging
 - Level 2.6 Stealth
 * Level 3.9 Spellcasting
 + Level 2.7 Conjurations
 + Level 4.4 Fire Magic


You had 2 spell levels left.
You knew the following spells:

 Your Spells              Type           Power        Failure   Level  Hunger
a - Flame Tongue          Conj/Fire      ###..        3%          1    None
b - Throw Flame           Conj/Fire      ###...       4%          2    ##.....
c - Conjure Flame         Conj/Fire      ###.....     10%         3    ###....
d - Sticky Flame          Conj/Fire      ###.....     30%         4    ####...


Dungeon Overview and Level Annotations

Branches:
Dungeon (4/15)
 Temple: D:4-7

Altars:
Sif Muna
Trog

Annotations:
D:3 Lexie's ghost, amateur OpFE


Innate Abilities, Weirdness & Mutations

You cannot wear most types of armour.
You are very stealthy in the water. (Stealth+)
You are amphibious.
You can wear up to eight rings at the same time.
You can use your tentacles to constrict eight enemies at once.
Your skin changes colour to match your surroundings (Stealth+).
Your rubbery body absorbs attacks. (AC +1, EV +1)


Message History

The worker ant poisons you!
You feel better. The worker ant misses you. The worker ant barely misses you.
You hear the slow rusting of a very distant drain.
The worker ant completely misses you.
There is a stone staircase leading up here.
The worker ant misses you.
You climb upwards.
Level annotation: Lexie's ghost, amateur OpFE
There is a stone staircase leading down here.
The worker ant bites you.
You are poisoned.
The worker ant poisons you!
Your magical contamination has completely faded away.
You feel sick.
You feel sick.
You feel sick.
You feel sick. The worker ant bites you!
You die...

#.#(....(.#####..#####.#
.#.#..)..######..# #.#
#.##.............# #.#
.##.#.....####...# #.#
...#)#.......)...#####.###
....##..#.###........>...#
......#.#.###.#.##...###.#
.......(#.>......##.## #.#
#####.#....#####@##.# #.#
##.###<.# #a##.####.#
##...##).# #.......#.#
##.....#..# #.#####.#.#
##........)#####.# #.#.#
......(..........# #.#.#
#........#.#.#.######.#.#
##......................#
##.....#.###..######..##


You could see a worker ant.

Vanquished Creatures
  A hound (D:4)
  Natasha (D:3)
  Robin (D:3)
  5 adders
  A howler monkey skeleton (D:4)
  A worm (D:2)
  2 dart slugs
  2 leopard geckos
  4 orcs
  5 giant cockroaches
  17 goblins
  12 hobgoblins
  A jackal (D:1)
  7 kobolds
  2 quokkas
  A ball python (D:2)
  7 bats
  4 frilled lizards
  20 rats
94 creatures vanquished.

Notes
Turn   | Place    | Note
-------+----------+-------------------------------------------
     0 | D:1      | Lexie the Octopode Fire Elementalist began the quest for the Orb.
     0 | D:1      | Reached XP level 1. HP: 11/11 MP: 3/3
   387 | D:1      | Reached XP level 2. HP: 14/17 MP: 3/5
   898 | D:1      | Reached XP level 3. HP: 9/21 MP: 0/6
  2149 | D:2      | Learned a level 2 spell: Throw Flame
  2153 | D:2      | Learned a level 3 spell: Conjure Flame
  2425 | D:2      | Found a deep blue altar of Sif Muna.
  2515 | D:2      | Reached XP level 4. HP: 27/27 MP: 2/8
  3150 | D:3      | Noticed Robin
  3162 | D:3      | Killed Robin
  3295 | D:3      | Noticed Lexie's ghost (amateur OpFE)
  3616 | D:3      | Reached XP level 5. HP: 24/31 MP: 4/10
  3724 | D:3      | Reached skill level 4 in Fire Magic
  4126 | D:3      | Learned a level 4 spell: Sticky Flame
  4285 | D:3      | Noticed a moth of wrath
  4288 | D:3      | Found a bloodstained altar of Trog.
  4419 | D:3      | Noticed Natasha
  4432 | D:3      | Killed Natasha
  4757 | D:4      | Reached XP level 6. HP: 28/36 MP: 4/11
  4785 | D:3      | Slain by a worker ant

Vault maps used:
D:1:      dpeg_arrival_brainrot, serial_bayou_pond_c, minmay_rat_gold_closets
D:2:      lemuel_coloured_pillars_altar, first_bread
D:3:      minmay_misc_feat_secret_circle, tgw_trog, uniq_natasha, uniq_robin
D:4:      gammafunk_temple_overflow_statue, portal_sewer_entry_b, goddamned_bats

Skill      XL: |  1  2  3  4  5 |
---------------+----------------+-----
Conjurations   | 2 |  2.7
Spellcasting   | 3 |  3.9
Fire Magic     | 4 |  4.4
Dodging        | |  2.0
Stealth        | |  2.6

Action                   |  1- 3 |  4- 6 || total
-------------------------+-------+-------++-------
Melee: Unarmed           |     7 |     7 ||    14
       Constrict         |     4 |     2 ||     6
       Tentacles         |     1 |       ||     1
 Cast: Flame Tongue      |    81 |    86 ||   167
       Throw Flame       |       |     9 ||     9
       Conjure Flame     |       |     2 ||     2
  Use: Potion            |       |     2 ||     2
 Stab: Sleeping          |     1 |       ||     1
  Eat: Chunk             |     5 |     8 ||    13
Armor: Skin              |     1 |     4 ||     5
Dodge: Dodged            |    15 |    41 ||    56
